Map: [ESL] Royal Blood

Players

AqueroN

  • Race: Terran Terran
  • Spawn Location: 7:00

DnS - Winner!

  • Race: Protoss Protoss
  • Spawn Location: 1:00

Event: ESL SC2 Masters 2023 Summer (Regionals)

VOD

Have the link to the VOD?

Description

Time

  • Played on: May 6, 2023, 9:42 a.m.
  • Length: 6:45

All games in this series

Show
View Real Time Build Order
Export as new Build Order

AqueroN Terran 

Build Orders: Cyclone Opening 

Get SALT Encoding   

  12  0:00  SCV  
  13  0:12  SCV  
  14  0:16  Supply Depot  
  14  0:24  SCV  
  15  0:38  SCV  
  15  0:40  Barracks  
  15  0:42  Refinery  
  16  0:50  SCV  
  16  0:52  Refinery  
  17  1:02  SCV  
  18  1:07  Supply Depot  
  18  1:14  SCV  
  19  1:26  Reaper  
  19  1:27  Orbital Command  
  20  1:40  Factory  
  20  1:52  SCV  
  21  1:58  Barracks  
  21  2:06  SCV  
  21  2:07  Barracks Reactor  
  22  2:14  Supply Depot  
  22  2:18  SCV  
  23  2:23  Factory Tech Lab  
  23  2:30  SCV  
  24  2:41  Starport  
  24  2:42  Cyclone  
  28  2:45  Marine x2  
  28  2:48  Marine  
  30  2:51  SCV  
  31  3:02  Marine  
  31  3:03  Marine  
  33  3:05  Marine  
  33  3:06  Supply Depot  
  34  3:14  Siege Tank  
  37  3:20  Marine  
  37  3:21  Marine  
  39  3:28  Medivac  
  39  3:30  Supply Depot  
  39  3:31  Marine  
  42  3:38  Marine  
  42  3:39  Marine  
  44  3:46  Siege Tank  
  47  3:55  Marine  
  48  3:56  Marine  
  48  3:57  Marine  
  35  4:02  Viking  
  52  4:11  Supply Depot  
  52  4:15  Marine  
  53  4:24  Marine  
  52  4:28  Marine  
  53  4:33  Marine  
  56  4:50  Marine x2  
  57  4:55  Siege Tank  
  57  4:58  Liberator  
  60  5:07  Marine  
  55  5:08  Marine  
  55  5:12  Marine  
  55  5:24  Marine  
  55  5:26  Marine  
  55  5:27  Siege Tank  
  60  5:30  Marine  
  61  5:42  Marine  
  61  5:44  Marine  
  63  5:53  Marine  
  63  5:55  Supply Depot  
  61  6:00  Marine  
  57  6:07  Marine  
  57  6:11  Marine, Siege Tank  
  59  6:17  Bunker  
  59  6:18  Marine  
  61  6:20  Bunker  
Show
View Real Time Build Order
Export as new Build Order

DnS Protoss - Winner!

Build Orders: 1 Gate Expand, Oracle Opening 

Get SALT Encoding   

  12  0:00  Probe  
  13  0:12  Probe  
  14  0:18  Pylon  
  14  0:24  Probe (Chrono Boost)  
  15  0:37  Probe (Chrono Boost), Gateway  
  16  0:45  Probe (Chrono Boost)  
  16  0:46  Assimilator  
  17  0:51  Probe  
  18  1:03  Probe  
  19  1:15  Probe  
  20  1:25  Cybernetics Core  
  20  1:34  Nexus  
  20  1:41  Pylon  
  20  1:44  Probe  
  21  1:54  Assimilator  
  21  1:56  Probe  
  21  1:58  Adept (Chrono Boost)  
  24  2:09  Probe  
  25  2:16  Stargate  
  25  2:21  Probe  
  26  2:27  Warp Gate  
  26  2:32  Adept  
  26  2:33  Probe  
  29  2:42  Shield Battery  
  29  2:46  Probe (Chrono Boost)  
  31  2:52  Probe (Chrono Boost)  
  31  2:55  Probe (Chrono Boost)  
  31  2:57  Oracle (Chrono Boost)  
  33  2:59  Probe (Chrono Boost)  
  33  3:04  Probe  
  36  3:10  Probe  
  37  3:16  Stalker  
  39  3:25  Gateway  
  39  3:27  Gateway  
  42  3:42  Void Ray (Chrono Boost)  
  42  3:43  Probe x2  
  44  3:48  Shield Battery  
  44  3:52  Pylon  
  44  3:55  Probe  
  45  3:58  Probe  
  46  4:04  Pylon  
  46  4:11  Gateway  
  50  4:19  Void Ray (Chrono Boost)  
  50  4:24  Stalker  
  50  4:27  Stalker  
  54  4:32  Stalker  
  48  4:53  Adept x2  
  48  4:56  Adept, Pylon  
  48  4:58  Pylon  
  54  5:02  Shield Battery  
  48  5:15  Adept x3  
  48  5:16  Adept  
  48  5:20  Shield Battery  
  56  5:38  Adept  
  56  5:39  Adept x3  
  56  5:42  Pylon  
  64  5:54  Pylon  
  64  6:01  Adept x2  
  64  6:02  Adept x2  
  66  6:22  Stalker x4  
Tags
 
Add a new tag
Caveats
  • Supply blocks, unpowered buildings, or Contaminate may cause inaccurate times.
  • Supply counts are checked every 10 seconds.